 Dungeon Crawl Stone Soup version 0.20.1-1-g8b1a95d66d (webtiles) character file.

964 BrokenGlass the Ruffian (level 8, -3/58 HPs)
             Began as an Octopode Fighter on Dec 27, 2017.
             Killed from afar by an orc wizard (6 damage)
             ... with a puff of flame
             ... on level 7 of the Dungeon.
             The game lasted 00:06:42 (4915 turns).

BrokenGlass the Ruffian (Octopode Fighter)          Turns: 4915, Time: 00:06:44

Health: -3/58      AC:  1    Str: 18    XL:     8   Next: 15%
Magic:  8/8        EV: 14    Int: 13    God:
Gold:   254        SH:  4    Dex: 11    Spells: 7/7 levels left

rFire    + . .     SeeInvis .     - Unarmed
rCold    . . .     Gourm    .   j - +0 buckler
rNeg     + . .     Faith    .   (helmet restricted)
rPois    .         Spirit   .   (no amulet)
rElec    .         Reflect  .   h - +3 ring of intelligence
rCorr    .         Harm     .   s - ring of protection from fire
MR       .....                  x - ring of positive energy
Stlth    ++........             (no ring)
Regen    0.2/turn               (no ring)
MPRegen  0.2/turn               (no ring)
                                (no ring)
                                (no ring)

@: no status effects
A: almost no armour, stealthy swim, amphibious, 8 rings, constrict 8, camouflage
1, gelatinous body 1
a: no special abilities


You were on level 7 of the Dungeon.
You were near starving.

You visited 1 branch of the dungeon, and saw 6 of its levels.

You collected 254 gold pieces.

Inventory:

Hand Weapons
 w - a +3 short sword
Armour
 a - a +0 shield
 j - a +0 buckler (worn)
Jewellery
 h - a +3 ring of intelligence (left tentacle)
 s - a ring of protection from fire (right tentacle)
 x - a ring of positive energy (on tentacle)
 F - an uncursed amulet of guardian spirit {unknown}
Wands
 m - a wand of iceblast (5/15)
 z - a wand of confusion (38/48)
 C - a wand of confusion (24/48)
Scrolls
 g - 2 scrolls of magic mapping {unknown}
 k - a scroll of random uselessness {unknown}
 l - 2 scrolls of enchant weapon {unknown}
 o - 5 scrolls of remove curse {unknown}
 q - 2 scrolls of blinking {unknown}
 r - a scroll of immolation {unknown}
 t - 3 scrolls of teleportation {unknown}
 u - a scroll of enchant armour {unknown}
 y - a scroll of amnesia {unknown}
 B - a scroll of acquirement {unknown}
 D - a scroll of recharging {unknown}
 E - a scroll of identify
Potions
 b - a potion of cancellation {unknown}
 d - a potion of degeneration {unknown}
 e - a potion of curing
 i - a potion of mutation {unknown}
 n - a potion of resistance
 A - a potion of haste
Comestibles
 c - 4 bread rations
 f - a meat ration
 p - 8 fruits
 v - a royal jelly


   Skills:
 * Level 6.3 Fighting
 - Level 3.0 Dodging
 - Level 4.0 Shields
 * Level 6.9 Unarmed Combat


You had 7 spell levels left.
You didn't know any spells.

Dungeon Overview and Level Annotations

Branches:
Dungeon (5/15)
 Temple: D:4-7

Altars:
Kikubaaqudgha
Ru


Innate Abilities, Weirdness & Mutations

You cannot wear most types of armour.
You are very stealthy in the water. (Stealth+)
You are amphibious.
You can wear up to eight rings at the same time.
You can use your tentacles to constrict eight enemies at once.
Your skin changes colour to match your surroundings (Stealth+).
Your rubbery body absorbs attacks. (AC +1, EV +1)


Message History

Something hits you but does no damage.
Unknown command.
The orc wizard casts a spell.
The orc wizard blinks!
Unknown command.
Unknown command.
Unknown command.
Something hits you.
* * * LOW HITPOINT WARNING * * *
Unknown command.
There is a stone staircase leading down here.
Unknown command.
Something hits you.
* * * LOW HITPOINT WARNING * * *
The hog bites you.
* * * LOW HITPOINT WARNING * * *
You hear some strange, mumbled words.
A puff of flame appears from out of thin air!
The puff of flame hits you! You resist.
You die...

### ..# ##.# #...
#..# #..# #..# #.@#
### #h.# ##.#######
#.p# #..'o..%%#
#.h###..#h...%#
##..o[...# #h###
#....h...# h..# #
##.#.)##### ..#
#####.####.....######
########
......#.............#
#.......


You could see 2 hogs, a human and an orc wizard.

Vanquished Creatures
  The ghost of BrokenGlass the Insei, an amateur OpFi (D:3)
  A sky beast (D:5)
  The ghost of zkobry the Chucker, an amateur DgHu (D:4)
  A bullfrog (D:7)
  A scorpion (D:5)
  A crimson imp (D:5)
  A quasit (D:5)
  2 hounds
  3 orc wizards (D:4)
  A centaur zombie (D:5)
  An iguana (D:5)
  2 worker ants (D:5)
  8 adders
  3 worms (D:2)
  4 dart slugs
  5 leopard geckos
  13 orcs
  2 ball pythons
  6 giant cockroaches
  5 goblins
  11 hobgoblins
  3 jackals (D:3)
  6 kobolds
  2 quokkas
  5 bats
  8 frilled lizards
  2 jackal skeletons
  8 rats
107 creatures vanquished.

Vanquished Creatures (others)
  An adder (D:5)
  2 orcs (D:5)
3 creatures vanquished.

Grand Total: 110 creatures vanquished

Notes
Turn   | Place    | Note
-------+----------+-------------------------------------------
     0 | D:1      | BrokenGlass the Octopode Fighter began the quest for the Orb.
     0 | D:1      | Reached XP level 1. HP: 16/16 MP: 1/1
   186 | D:1      | Reached XP level 2. HP: 21/21 MP: 2/2
  1024 | D:2      | Reached XP level 3. HP: 24/26 MP: 3/3
  1431 | D:2      | Reached XP level 4. HP: 31/31 MP: 4/4
  2142 | D:3      | Reached XP level 5. HP: 29/36 MP: 5/5
  2542 | D:3      | Noticed BrokenGlass's ghost (amateur OpFi)
  2837 | D:3      | Killed BrokenGlass's ghost
  2837 | D:3      | Reached skill level 5 in Unarmed Combat
  2837 | D:3      | Reached XP level 6. HP: 17/43 MP: 6/6
  3146 | D:4      | Found a sacrificial altar of Ru.
  3330 | D:4      | You fall through a shaft!
  3330 | D:5      | Entered Level 5 of the Dungeon
  3505 | D:5      | Reached XP level 7. HP: 42/49 MP: 7/7
  3558 | D:5      | Reached skill level 5 in Fighting
  4041 | D:4      | Found an ancient bone altar of Kikubaaqudgha.
  4131 | D:4      | Noticed zkobry's ghost (amateur DgHu)
  4147 | D:4      | Killed zkobry's ghost
  4250 | D:4      | Reached XP level 8. HP: 38/57 MP: 8/8
  4820 | D:4      | You fall through a shaft for 3 floors!
  4915 | D:7      | Killed from afar by an orc wizard

Skill      XL: |  1  2  3  4  5  6  7 |
---------------+----------------------+-----
Unarmed Combat | 3 4 5 6 |  6.9
Shields        | 4 |  4.0
Fighting       | 4 6 |  6.3
Dodging        | |  3.0

Action                   |  1- 3 |  4- 6 |  7- 9 || total
-------------------------+-------+-------+-------++-------
Melee: Unarmed           |    64 |   114 |   101 ||   279
       Constrict         |    19 |    23 |    19 ||    61
       Tentacles         |    14 |    19 |    26 ||    59
       Punch             |     1 |     5 |     5 ||    11
  Use: Potion            |       |     1 |     1 ||     2
       Scroll            |       |     3 |     1 ||     4
 Stab: Sleeping          |     7 |    12 |     3 ||    22
       Distracted        |       |       |     1 ||     1
  Eat: Chunk             |     2 |     4 |     4 ||    10
       Fruit             |       |     1 |       ||     1
Armor: Skin              |     2 |     4 |     5 ||    11
Dodge: Dodged            |    27 |    53 |    43 ||   123
Block: Shield            |     2 |       |       ||     2
       Buckler           |    10 |    14 |    21 ||    45
